 Dungeon Crawl Stone Soup version 0.15-a0-481-g5350d32 (console) character file.

172 Rage the Cudgeler (level 5, 0/54 HPs)
             Began as an Ogre Fighter on May 7, 2014.
             Killed from afar by an orc wizard (7 damage)
             ... with a magic dart
             ... on Level 4 of the Dungeon.
             The game lasted 00:06:35 (1309 turns).

Rage the Cudgeler (Ogre Fighter)                    Turns: 1309, Time: 00:06:36

HP   0/54        AC  3     Str 21      XL: 5   Next: 52%
MP   5/5         EV  8     Int  7      God:
Gold 101         SH 17     Dex 10      Spells:  0 memorised,  4 levels left

rFire  . . .     SeeInvis .     a - +1,+0 flail
rCold  . . .     Clarity  .     b - +0 robe
rNeg   . . .     Conserve +     c - +0 shield
rPois  .         rCorr    .     (helmet restricted)
rElec  .         rRot     .     (no cloak)
SustAb . .       Spirit   .     (gloves unavailable)
rMut   .         Warding  .     (boots unavailable)
Saprov + . .     Stasis   .     m - amulet of conservation
MR     .....                    (no ring)
                                f - ring of flight

@: not resistant to hostile enchantments, very unstealthy
A: unfitting armour, fast metabolism 1, saprovore 1, tough skin 1
a: Evoke Flight


You were on level 4 of the Dungeon.
You were not hungry.

You visited 1 branch of the dungeon, and saw 4 of its levels.

You collected 101 gold pieces.

Inventory:

Hand weapons
 a - a +1,+0 flail (weapon)
 y - a +2 blowgun
Armour
 b - a +0 robe (worn)
 c - a +0 shield (worn)
 o - a +0 robe
Comestibles
 d - 2 meat rations
 i - a pear
 k - 2 apples
 l - a cheese
 n - a lemon
Scrolls
 e - 2 scrolls of identify {unknown}
 g - 2 scrolls of remove curse {unknown}
 h - 3 scrolls of teleportation {unknown}
 p - 2 scrolls of enchant weapon I
 r - a scroll of amnesia {unknown}
 s - a scroll of fog {unknown}
 t - a scroll of recharging {unknown}
Jewellery
 f - a ring of flight (left hand)
 m - an amulet of conservation (around neck)
Potions
 j - 2 potions of heal wounds
 q - 2 potions of cure mutation {unknown}
 u - a potion of brilliance {unknown}
 v - a potion of poison {unknown}
 w - a potion of curing {unknown}
 x - a potion of magic {unknown}


   Skills:
 - Level 4.0 Fighting
 + Level 7.3 Maces & Flails
 - Level 2.6 Dodging
 - Level 2.6 Shields


You had 4 spell levels left.
You didn't know any spells.

Dungeon Overview and Level Annotations

Branches:
Dungeon (4/15)             Temple (0/1) D:4

Altars:
Xom

Annotations:
D:3 Purgy


Innate Abilities, Weirdness & Mutations

You are too large for most types of armour.
You have a fast metabolism.
You can tolerate rotten meat.
You have tough skin (AC +1).


Message History

You see here a scroll labeled PREPUI MUYRARU.
You closely miss the orc wizard.
The orc wizard is moderately wounded.
The orc wizard hits you with a short sword.
* * * LOW HITPOINT WARNING * * *
You hit the orc wizard.
The orc wizard is heavily wounded.
The orc wizard hits you with a short sword.
* * * LOW HITPOINT WARNING * * *
You closely miss the orc wizard.
The orc wizard is heavily wounded.
The giant cockroach waves its antennae.
The orc wizard barely misses you.
A bat comes into view.
You block the bat's attack.
You miss the bat. The bat hits you.
* * * LOW HITPOINT WARNING * * *
The orc wizard gestures at you while chanting.
The magic dart hits you!
You die...

#.#.# #.# #.# #.#
...##.#.###.# #.#
#.#
#..........#....
#..
.....##.##.##.##.
###
###.##.........#.#
#..............#
####..⌠...⌠..#.
####....[....#.
#b@.o?..>......
#.##O........#s ...
#..s...⌠..#
.................
#.##.##.#.........#
#. ####.##.##.# .
... .. . # ##. .##
.


You could see an ogre, an orc wizard, a giant cockroach and a bat.

Vanquished Creatures
  2 orc wizards (D:4)
  An iguana (D:3)
  Terence (D:3)
  3 gnolls (D:2)
  An adder (D:3)
  A worm (D:3)
  2 orcs
  A ball python (D:3)
  3 bats
  5 giant cockroaches
  3 hobgoblins
  3 jackals (D:1)
  7 kobolds
  2 quokkas
  2 giant newts
  3 goblins
  8 rats
48 creatures vanquished.

Vanquished Creatures (others)
  An orc (D:2)
1 creature vanquished.

Grand Total: 49 creatures vanquished

Notes
Turn   | Place    | Note
--------------------------------------------------------------
     0 | D:1      | Rage, the Ogre Fighter, began the quest for the Orb.
     0 | D:1      | Reached XP level 1. HP: 24/24 MP: 1/1
   121 | D:1      | Reached XP level 2. HP: 32/32 MP: 2/2
   600 | D:2      | Reached XP level 3. HP: 23/39 MP: 3/3
   603 | D:2      | Reached skill level 5 in Maces & Flails
   654 | D:2      | Found a shimmering altar of Xom.
   691 | D:3      | Noticed Purgy
   755 | D:2      | Reached XP level 4. HP: 45/48 MP: 4/4
   794 | D:3      | Noticed Terence
   828 | D:3      | Killed Terence
   869 | D:3      | Reached skill level 6 in Maces & Flails
  1001 | D:3      | Reached XP level 5. HP: 36/54 MP: 5/5
  1248 | D:4      | HP: 2/54 [orc wizard/dagger (6)]
  1250 | D:4      | Reached skill level 7 in Maces & Flails
  1292 | D:4      | Found a staircase to the Ecumenical Temple.
  1301 | D:4      | Noticed an ogre
  1309 | D:4      | Killed from afar by an orc wizard

Action                   |  1- 3 |  4- 6 || total
-------------------------+-------+-------++-------
Melee: Flail             |    58 |   116 ||   174
  Use: Potion            |     1 |     2 ||     3
       Scroll            |     1 |       ||     1
 Stab: Sleeping          |       |     1 ||     1
